 Dungeon Crawl Stone Soup version 0.10.4 character file.

5693 EnegeticOcto the Grappler (level 10, -2/87 HPs)
             Began as a Naga Transmuter on Apr 8, 2020.
             Was an Elder of Cheibriados.
             Slain by a gnoll sergeant
             ... wielding a +2,+1 trident of distortion
              (7 damage)
             ... on Level 10 of the Dungeon.
             The game lasted 00:32:13 (8052 turns).

EnegeticOcto the Grappler (Naga Transmuter)         Turns: 8052, Time: 00:32:13

HP  -2/87        AC  9     Str 23      XL: 10   Next: 60%
MP  11/16        EV 12     Int 25      God: Cheibriados [****..]
Gold 470         SH  0     Dex 20      Spells:  4 memorised,  2 levels left

Res.Fire  : . . .   See Invis. : +     - Unarmed
Res.Cold  : . . .   Warding    : . . l - +2 robe {rN+} (curse)
Life Prot.: + . .   Conserve   : .   (no shield)
Res.Acid. : . . .   Res.Corr.  : .   (no helmet)
Res.Poison: +       Clarity    : .   s - +1 elf cloak
Res.Elec. : .       Spirit.Shd : .   (no gloves)
Sust.Abil.: . .     Rnd.Telep. : +   (no barding)
Res.Mut.  : .       Ctrl.Telep.: .   (no amulet)
Res.Rott. : .       Levitation : .   w - cursed ring of teleportation
Saprovore : . . .   Ctrl.Flight: .   p - cursed ring of see invisible

@: regenerating (expires), very slow, somewhat resistant to hostile
enchantments, fairly stealthy
A: spit poison, constrict 1, see invisible, deformed body, poison resistance,
slowness 2, AC +1
a: Spit Poison, Bend Time, Temporal Distortion, Slouch, Renounce Religion, Evoke
Teleportation


You were on level 10 of the Dungeon.
You worshipped Cheibriados.
Cheibriados was extremely pleased with you.
You were hungry.

You visited 3 branches of the dungeon, and saw 12 of its levels.

You collected 450 gold pieces.

Inventory:

Missiles
 b - 49 +0 arrows
Armour
 l - a cursed +2 robe of positive energy (worn)
 s - a +1 elven cloak (worn)
Magical devices
 k - a wand of confusion (14)
 x - a wand of lightning (0)
Comestibles
 a - 4 bread rations
 d - a sultana
 j - a lychee
 q - 4 meat rations
 r - 3 rotting chunks of shark flesh
 v - 2 pears
 C - an orange
Scrolls
 e - a scroll of fear {!r}
 m - a scroll of curse jewellery
 n - 2 scrolls of fog {!r}
 z - 2 scrolls of enchant weapon II
 B - 2 scrolls of detect curse
 D - a scroll of enchant weapon I
 G - a scroll of amnesia
Jewellery
 g - an uncursed ring of sustenance {unknown}
 p - a cursed ring of see invisible (left hand)
 w - a cursed ring of teleportation (right hand)
Potions
 c - a potion of speed
 f - a potion of heal wounds {unknown}
 h - 4 potions of curing {@q1 !q}
 i - 3 potions of restore abilities {unknown}
 o - 2 potions of brilliance {unknown}
 t - a potion of invisibility {unknown}
 u - a potion of levitation {unknown}
 E - a potion of degeneration {unknown}
Books
 y - a book of Spatial Translocations

   Spells                             Type                      Level
   Apportation                        Translocation                1
   Portal Projectile                  Translocation                2
   *Blink                             Translocation                2
   Shroud of Golubria                 Charms/Translocation         2
   Teleport Other                     Translocation                3
   Passage of Golubria                Translocation                4
   Control Teleport                   Charms/Translocation         4
 A - a book of War Chants

   Spells                             Type                      Level
   Fire Brand                         Charms/Fire                  2
   Freezing Aura                      Charms/Ice                   2
   Shroud of Golubria                 Charms/Translocation         2
   Repel Missiles                     Charms/Air                   2
   Poison Weapon                      Charms/Poison                3
   *Regeneration                      Charms/Necromancy            3


   Skills:
 - Level 7.0 Fighting
 + Level 3.0 Dodging
 - Level 8.2 Unarmed Combat
 - Level 2.0 Spellcasting
 + Level 4.1 Charms
 + Level 4.5 Necromancy
 - Level 6.2 Transmutations
 - Level 7.0 Ice Magic
 + Level 4.0 Invocations


You had 2 spell levels left.
You knew the following spells:

 Your Spells              Type           Power        Failure   Level  Hunger
a - Blink                 Tloc           N/A          17%         2    Choko
b - Sticks to Snakes      Trmt           #####.....   1%          2    Choko
c - Ice Form              Ice/Trmt       ######....   10%         4    Honeycomb
d - Regeneration          Chrm/Necr      ####......   8%          3    Choko

Dungeon Overview and Level Annotations

Branches:
Dungeon (10/27)            Temple (1/1) D:6             Orc (1/4) D:7
   Lair: D:8-13

Altars:
Cheibriados
Fedhas
Makhleb
Nemelex Xobeh
Sif Muna
Vehumet
Yredelemnul
Zin


Innate Abilities, Weirdness & Mutations

You cannot wear boots.
You can spit poison.
You can use your snake-like lower body to constrict enemies.*
Your serpentine skin is tough (AC +3).*
You have supernaturally acute eyesight.
Armour fits poorly on your strangely shaped body.*
Your system is resistant to poisons.*
You cover ground very slowly.*
You are partially covered in thin metallic scales (AC +1).*


Message History

Moving in this stuff is going to be slow.
You smell something rotten. (slot r)
There is some shallow water here.
Things that are here:
a giant goldfish skeleton; a shark corpse
Found an orcish shield.
H - a scroll of identify {@r1} Your stomach is not as upset anymore, and you want to eat.
Read which item? (? for menu, Esc to quit)
Identify which item? (? for menu, Esc to quit)
As you read the scroll of identify {@r1}, it crumbles to dust.
p - a cursed ring of see invisible (left hand)
There is an escape hatch in the ceiling here.
Found an escape hatch in the floor.
You now have 470 gold pieces (gained 21).
An eye of draining comes into view.
The eye of draining turns its gaze towards you.
You hit the eye of draining. You constrict the eye of draining.
The eye of draining is lightly wounded.
You hit the eye of draining. You constrict the eye of draining.
The eye of draining is moderately wounded.
You hit the eye of draining. You constrict the eye of draining.
The eye of draining is heavily wounded.
You hit the eye of draining. You constrict the eye of draining.
The eye of draining is heavily wounded.
You punch the eye of draining! You constrict the eye of draining.
You kill the eye of draining!
Cheibriados appreciates the change of pace.
Eat a chunk of giant goldfish flesh? (ye/n/q/i?) This raw flesh tastes terrible.
You continue eating.
You finish eating.
The shark barely misses you. The shark bites you. The shark closely misses you.
The shark bites you but does no damage. The shark barely misses you.
The shark closely misses you.
You completely miss the shark. You punch the shark.
The shark is lightly wounded.
The shark bites you. The shark barely misses you.
You hit the shark.
The shark is lightly wounded.
The shark closely misses you. The shark barely misses you.
You punch the shark!
The shark is severely wounded.
Casting: Regeneration
Confirm with . or Enter, or press ? or * to list all spells.
Your skin crawls.
The shark bites you but does no damage. The shark bites you but does no damage.
You punch the shark!
You headbutt the shark, but do no damage.
The shark is almost dead.
The shark turns to fight!
The shark bites you! The shark bites you but does no damage.
The shark closely misses you. The shark bites you but does no damage.
You hit the shark.
You kill the shark!
Cheibriados appreciates the change of pace.
Your Dodging skill increases to level 3!
Your Invocations skill increases to level 4!
A gnoll comes into view.
Your skin is crawling a little less now. 2 gnolls come into view.
The gnoll shouts!
The gnoll moves out of view.
Drop what? (_ for help) (? for menu, Esc to quit)
Okay, then.
Casting: Regeneration
Confirm with . or Enter, or press ? or * to list all spells.
Your skin crawls.
A gnoll and a gnoll shaman come into view.
The gnoll shaman shouts!
The gnoll shouts!
The gnoll shaman casts a spell at the gnoll.
The gnoll throws a dart.
The dart misses you.
The gnoll throws a dart.
The dart hits you!
The gnoll throws a dart.
The dart hits you!
A gnoll sergeant comes into view. It is wielding a runed trident.
You see here a dart.
The gnoll sergeant shouts!
The gnoll shaman casts a spell at you. You resist.
The gnoll throws a dart.
The dart hits you!
The gnoll throws a dart.
The dart hits you!
You see here 2 darts.
The gnoll sergeant hits you from afar with a runed trident!
Space warps horribly around you!
The gnoll sergeant hits you from afar with a trident of distortion!
Space warps horribly around you!
* * * LOW HITPOINT WARNING * * *
The gnoll sergeant hits you from afar with a trident of distortion.
* * * LOW HITPOINT WARNING * * *
Space warps horribly around you!
* * * LOW HITPOINT WARNING * * *
Read which item? (? for menu, Esc to quit)
Really read
e - 2 scrolls of fear {!r}?
As you read the scroll of fear {!r}, it crumbles to dust.
You assume a fearsome visage.
The gnoll sergeant looks frightened!
The gnoll looks frightened!
Drink which item? (? for menu, Esc to quit)
Okay, then.
Your skin is crawling a little less now.
You are feeling hungry.
The gnoll sergeant hits you from afar with a trident of distortion!
You die...

....... #.≈..≈.# ....
#.≈..≈.# ..... #.≈g.≈.#
...... #g≈..≈.# ......
#g≈..≈.#
.........##g≈..≈.# .#
.............###..###..#
................g.g.....#
...........≈≈≈>@8.((.8.###
.............≈≈≈........#
......................###
......................#
......................#
..............[.......#
......................#
......................#
.............<........#


You could see a gnoll sergeant (fleeing) and a gnoll (fleeing).

Vanquished Creatures
  The ghost of maraks the Covered, an experienced MiFi of Makhleb (D:7)
  Pikel (D:5)
  The ghost of MordorOrchid the Ruinous, an experienced OpFE (D:5)
  A spriggan skeleton (D:10)
  Prince Ribbit (D:7)
  3 sharks (D:10)
  A necrophage (D:7)
  2 sky beasts
  4 ogres
  2 slaves (D:5)
  A giant goldfish (D:10)
  2 phantoms
  A warg (D:7)
  A water moccasin (D:5)
  A gnoll sergeant (D:8)
  4 giant frogs
  4 centaurs
  A centaur skeleton (D:10)
  Blork the orc (D:4)
  A water moccasin skeleton (D:9)
  A water moccasin zombie (D:9)
  An eye of draining (D:10)
  5 killer bees (D:9)
  6 wights
  2 crimson imps
  A big fish (D:10)
  2 orc priests
  2 scorpions
  A goliath beetle (D:8)
  A hound zombie (D:9)
  2 iguanas
  An orc wizard (D:8)
  4 hounds
  7 worker ants
  Jessica (D:2)
  3 jellies
  6 gnolls (D:8)
  7 adders
  An iguana skeleton (D:7)
  2 worms
  A giant mite (D:4)
  A bat zombie (D:6)
  3 giant geckos
  An ooze (D:4)
  21 orcs
  12 bats
  13 goblins
  9 hobgoblins
  11 jackals
  18 kobolds
  2 quokkas
  8 giant cockroaches
  A giant gecko skeleton (D:6)
  5 giant newts
  A giant spore (D:7)
  A hobgoblin skeleton (D:4)
  A jackal zombie (D:9)
  A kobold skeleton (D:4)
  An orc skeleton (D:8)
  3 orc zombies
  15 rats
  2 ballistomycetes (D:7)
  3 toadstools
224 creatures vanquished.

Vanquished Creatures (collateral kills)
  A jelly (D:6)
  A goblin (D:6)
  A bat (D:4)
3 creatures vanquished.

Vanquished Creatures (others)
  An adder zombie (D:7)
  A giant cockroach (D:5)
  2 goblins
  20 toadstools
24 creatures vanquished.

Grand Total: 251 creatures vanquished

Notes
Turn   | Place    | Note
--------------------------------------------------------------
     0 | D:1      | EnegeticOcto, the Naga Transmuter, began the quest for the Orb.
     0 | D:1      | Reached XP level 1. HP: 18/18 MP: 1/1
   259 | D:1      | Reached XP level 2. HP: 25/25 MP: 3/3
   565 | D:1      | Reached skill level 4 in Unarmed Combat
  1070 | D:2      | Noticed Jessica
  1117 | D:2      | Killed Jessica
  1117 | D:2      | Reached skill level 5 in Unarmed Combat
  1117 | D:2      | Reached XP level 3. HP: 18/31 MP: 4/4
  1356 | D:2      | Reached XP level 4. HP: 31/38 MP: 6/6
  1444 | D:2      | Found a blossoming altar of Fedhas.
  1520 | D:2      | Learned a level 2 spell: Sticks to Snakes
  2308 | D:4      | Noticed Blork the orc
  2330 | D:4      | Killed Blork the orc
  2330 | D:4      | Reached skill level 6 in Unarmed Combat
  2330 | D:4      | Reached XP level 5. HP: 17/44 MP: 7/7
  2683 | D:4      | Found a basalt altar of Yredelemnul.
  2963 | D:5      | Entered Level 5 of the Dungeon
  3093 | D:5      | Reached XP level 6. HP: 32/51 MP: 9/9
  3107 | D:5      | Noticed Pikel
  3131 | D:5      | Killed Pikel
  3131 | D:5      | Reached skill level 7 in Unarmed Combat
  3131 | D:5      | Reached XP level 7. HP: 21/57 MP: 10/10
  3443 | D:5      | Noticed MordorOrchid's ghost (experienced OpFE)
  3451 | D:5      | Killed MordorOrchid's ghost
  3451 | D:5      | Reached skill level 8 in Unarmed Combat
  3451 | D:5      | Reached XP level 8. HP: 66/66 MP: 12/12
  3507 | D:5      | Learned a level 2 spell: Blink
  3514 | D:5      | Learned a level 4 spell: Ice Form
  4063 | D:6      | Found a radiant altar of Vehumet.
  4643 | D:6      | Gained mutation: You are partially covered in thin metallic scales (AC +1).
  4644 | D:6      | Gained mutation: Your digestive system is specialised to digest meat.
  4645 | D:6      | Lost mutation: Your digestive system is specialised to digest meat.
  4688 | D:6      | Found a staircase to the Ecumenical Temple.
  4698 | Temple   | Entered the Ecumenical Temple
  4703 | Temple   | Became a worshipper of Cheibriados the Contemplative
  4874 | D:7      | Reached XP level 9. HP: 66/75 MP: 13/13
  5143 | D:7      | Noticed Prince Ribbit
  5144 | D:7      | Acquired Cheibriados's first power
  5166 | D:7      | Killed Prince Ribbit
  5566 | D:7      | Found a staircase to the Orcish Mines.
  5708 | Orc:1    | Entered Level 1 of the Orcish Mines
  6006 | D:7      | Noticed maraks' ghost (experienced MiFi)
  6030 | D:7      | Killed maraks' ghost
  6053 | D:7      | Learned a level 3 spell: Regeneration
  6118 | D:8      | Reached XP level 10. HP: 58/87 MP: 15/15
  6860 | D:8      | Found a glowing silver altar of Zin.
  7071 | D:9      | Acquired Cheibriados's second power
  7077 | D:9      | Found a basalt altar of Yredelemnul.
  7820 | D:10     | Entered Level 10 of the Dungeon
  7842 | D:10     | Acquired Cheibriados's third power
  7891 | D:10     | Noticed a centaur skeleton
  7899 | D:10     | Killed a centaur skeleton
  8050 | D:10     | HP: 2/87 [gnoll sergeant/trident of distortion (15)]
  8052 | D:10     | Slain by a gnoll sergeant
